 Dungeon Crawl Stone Soup version 0.29.1-1-gd02db6906a (webtiles) character file.

Game seed: 11352454232778970377

3 xian the Sneak (level 1, -2/11 HPs)
             Began as a Spriggan Delver on Oct 17, 2022.
             Was an Initiate of Dithmenos.
             Slain by a hobgoblin (3 damage)
             ... on level 3 of the Dungeon.
             The game lasted 00:01:21 (563 turns).

xian the Sneak (Spriggan Delver)                     Turns: 563, Time: 00:01:22

Health: -2/11      AC:  2    Str:  8    XL:     1   Next: 41%
Magic:  2/2        EV: 17    Int: 11    God:    Dithmenos [......]
Gold:   37         SH:  0    Dex: 16    Spells: 0/0 levels left

rFire   . . .      SeeInvis +   a - +0 short sword
rCold   . . .      Faith    .   (no shield)
rNeg    . . .      Spirit   .   b - +0 robe
rPois   .          Reflect  .   (helmet restricted)
rElec   .          Harm     .   (no cloak)
rCorr   .          Rampage  .   (gloves unavailable)
Will    .....                   (boots unavailable)
Stlth   ++++......              (no amulet)
HPRegen 0.03/turn               (no ring)
MPRegen 0.08/turn               (no ring)

@: very quick
A: very small, no large weapons, unfitting armour, see invisible, speed 3
a: Renounce Religion


You were on level 3 of the Dungeon.
You worshipped Dithmenos.
Dithmenos was noncommittal.
You visited 2 branches of the dungeon, and saw 4 of its levels.

You collected 37 gold pieces.

Inventory:

Hand Weapons
 a - a +0 short sword (weapon)
Armour
 b - a +0 robe (worn)
Wands
 g - a wand of digging (3)
Scrolls
 c - a scroll of fog
 d - a scroll of magic mapping
 e - a scroll of fear
 h - a scroll of identify {unknown}
 i - a scroll of silence {unknown}
Potions
 f - a potion of haste


   Skills:
 + Level 2.4 Fighting
 + Level 2.2 Short Blades
 + Level 2.7 Dodging
 + Level 7.4 Stealth


You couldn't memorise any spells.
You didn't know any spells.
Your spell library contained the following spells:

 Spells                   Type           Power      Damage    Failure   Level
 Gell's Gravitas          Tloc           0%         N/A       71%         3
 Teleport Other           Tloc           0%         N/A       71%         3
 Dispersal                Tloc           0%         N/A       100%        6


Dungeon Overview and Level Annotations

Branches:
Dungeon (5/15)             Temple (1/1) D:4

Altars:
Cheibriados
Dithmenos
Elyvilon
Fedhas
Gozag
Makhleb
Nemelex Xobeh
Qazlal
Trog
Uskayaw
Xom
The Shining One

Annotations:
D:4 Blork the orc


Innate Abilities, Weirdness & Mutations

You are very small and have problems with some larger weapons.
You are too small for most types of armour.
You have supernaturally acute eyesight. (SInv)
You cover ground extremely quickly. (Speed+++)


Message History

You kneel at the altar of Dithmenos.
Dithmenos welcomes you!
There is a staircase back to the Dungeon here.
You can't go down here!
You climb upwards.
There is a staircase to the Ecumenical Temple here.
You now have 37 gold pieces (gained 10).
A ball python comes into view.
Found a blue potion. 2 orcs come into view.
The ball python hisses angrily.
A quokka comes into view.
You closely miss the ball python.
Blork the orc comes into view.
He is wielding a +0 glaive and wearing a +2 robe of fire resistance.
The ball python bites you. The ball python closely misses you.
The quokka completely misses you.
There is a stone staircase leading up here.
You can't go down here!
You climb upwards.
The hobgoblin shouts!
Found a helmet and 3 stones.
Found a stone staircase leading down.
There is a stone staircase leading down here.
A hobgoblin comes into view.
You closely miss the hobgoblin. The hobgoblin misses you.
You closely miss the hobgoblin. The hobgoblin closely misses you.
You barely miss the hobgoblin.
The hobgoblin hits you but does no damage.
You hit the hobgoblin but do no damage. The hobgoblin misses you.
You closely miss the hobgoblin. The hobgoblin barely misses you.
You hit the hobgoblin but do no damage. The hobgoblin hits you.
You hit the hobgoblin but do no damage. The hobgoblin barely misses you.
You closely miss the hobgoblin. The hobgoblin hits you.
* * * LOW HITPOINT WARNING * * *
You hit the hobgoblin.
The hobgoblin is heavily wounded.
The hobgoblin misses you.
You closely miss the hobgoblin.
The hobgoblin is heavily wounded.
The hobgoblin hits you.
You die...

#.. ..... ...
####.....
..##.....>.#
...........
..........
.........
#g........
#######@........
....(....##.....
........>..[....
.......####.....
.#.###. .... .P
.. ... . ... .
.... ~♣♣..


You could see a hobgoblin.

Vanquished Creatures
  An orc (D:4)
  An endoplasm (D:4)
2 creatures vanquished.

Notes
Turn   | Place    | Note
-------+----------+-------------------------------------------
     0 | D:5      | xian the Spriggan Delver began the quest for the Orb.
     0 | D:5      | Reached XP level 1. HP: 11/11 MP: 2/2
    65 | D:5      | Noticed a water moccasin
    75 | D:4      | Found a staircase to the Ecumenical Temple.
   113 | Temple   | Entered the Ecumenical Temple
   482 | Temple   | Became a worshipper of Dithmenos the Shadowed
   525 | D:4      | Noticed Blork the orc
   563 | D:3      | Slain by a hobgoblin

Illustrated notes

Levels and vault maps discovered:
D:3:      layout_rooms, mainiacjoe_overflow_cross_hatched, serial_bayou_pond_b,
          chequers_serial_rivers_micro_a, grunt_ministairs_2,
          minmay_misc_feat_ornament, minmay_lizard_king,
          uniq_crazy_yiuf_cottage, uniq_sigmund
D:4:      layout_basic, minmay_temple_entry_offerings, uniq_blork_the_orc,
          uniq_edmund, uniq_eustachio, uniq_ijyb
D:5:      layout_basic, minmay_shop_mayhem, hangedman_decor_riveting,
          uniq_grinder
Temple:   hellmonk_temple_flake

Action                   || total
-------------------------++-------
Melee: Short sword       ||    22
Armor: Robe              ||     1
Dodge: Dodged            ||    16
